 Dungeon Crawl Stone Soup version 0.31-a0-115-g4708a659fe (webtiles) character file.

Game seed: 4549884257851993229

264 Jeffwins the Shooter (level 6, -2/33 HPs)
             Began as a Vine Stalker Wanderer on May 29, 2023.
             Was an Initiate of Gozag.
             Slain by a wraith (6 damage)
             ... in an ossuary.
             The game lasted 00:05:11 (2207 turns).

Jeffwins the Shooter (Vine Stalker Wanderer)        Turns: 2207, Time: 00:05:12

Health: -2/33      AC:  5    Str:  9 (12) XL:     6   Next: 19%
Magic:  0/7        EV: 10    Int: 10 (12) God:    Gozag
Gold:   196        SH:  0    Dex: 22 (24) Spells: 3/5 levels left

rFire   . . .        l - staff of conjuration {!a}
rCold   . . .        (no shield)
rNeg    . . .        f - +0 ring mail
rPois   .            (no helmet)
rElec   .            (no cloak)
rCorr   .            (no gloves)
SInv    .            (no boots)
Will    +....        (no amulet)
Stlth   ++           j - ring of willpower
HPRegen 1.05/turn    X - +6 ring of dexterity
MPRegen 0.10/turn

%: guardian spirit
@: mighty, slowed, very slow
A: fangs 2, regeneration 1, magic shield, antimagic bite, no potion heal 2
a: Renounce Religion, Potion Petition, Call Merchant, Bribe Branch


You were in an ossuary.
You worshipped Gozag.
Gozag was aware of your devotion.
You visited 1 branch of the dungeon, and saw 4 of its levels.
You also visited: Ossuary.

You collected 261 gold pieces.
You paid 65 gold pieces to Gozag.


Innate Abilities, Weirdness & Mutations

You have extremely sharp teeth.
Your natural rate of healing is unusually fast.
When hurt, damage is shared between your health and your magic reserves.
Your bite disrupts and absorbs the magic of your enemies.
Potions cannot restore your health.


   Skills:
 + Level 3.7 Fighting
 * Level 4.4 Ranged Weapons
 - Level 1.0 Armour
 - Level 1.0 Dodging
 + Level 4.4 Stealth
 + Level 1.7 Translocations


You had 3 spell levels left.
You knew the following spells:

 Your Spells              Type           Power      Damage    Failure   Level
I - Blink                 Tloc           6%         N/A       61%         2

Your spell library contained the following spells:

 Spells                   Type           Power      Damage    Failure   Level
 Lesser Beckoning         Tloc           6%         N/A       61%         2
 Momentum Strike          Conj/Tloc      4%         3d8       75%         2

Inventory:

Hand Weapons
 a - a +3 sling
Armour
 b - a +0 robe
 f - a +0 ring mail (worn)
 r - a +0 pair of gloves
Magical Staves
 l - a staff of conjuration (weapon) {!a}
Jewellery
 j - a ring of willpower (left hand)
 N - a ring of positive energy
 X - a +6 ring of dexterity (right hand)
Scrolls
 c - a scroll of blinking
 e - 2 scrolls of fear
 g - a scroll of torment {unknown}
 h - 2 scrolls of teleportation {@r4}
 i - a scroll of brand weapon {unknown}
 k - a scroll of silence {unknown}
 o - a scroll of enchant armour {unknown}

Dungeon Overview and Level Annotations

Branches:
Dungeon (4/15)            Ossuary (1/1)
 Temple: D:4-7

Altars:
Gozag
Kikubaaqudgha

Shops:
D:3

=*(= ▒▒▒▒ ▒▒
▒▒... ..▒▒
▒▒...▒▒▒▒▒...▒▒
▒▒...▒#...#▒...▒▒
▒...▒#.?...#▒...▒
+..@▒.!!?.!.'...+
▒..W▒#.!??.#▒...▒
▒▒...▒#...#▒...▒▒
▒▒...▒▒▒▒▒...▒▒ .
▒▒.........▒▒...
..▒▒▒▒▒'▒▒▒▒▒....
.................
.................
▒▒▒▒▒▒'''▒▒▒▒▒▒▒▒


You could see a wraith.


Message History

You closely miss the wraith.
The wraith is severely damaged.
The wraith hits you but does no damage.
Unknown command.
You barely miss the wraith.
The wraith is severely damaged.
The wraith hits you but does no damage. x2
Unknown command.
You hit the wraith but do no damage.
The wraith is severely damaged.
You feel less wooden.
Your +0 ring mail unmelds from your body.
Your enlightenment fades.
The wraith hits you.
* * * LOW HITPOINT WARNING * * *
The wraith drains your vigour!
You feel as though you will be slow longer.
The wraith hits you but does no damage.
You closely miss the wraith.
The wraith is severely damaged.
The wraith hits you!
* * * LOW HITPOINT WARNING * * *
The wraith drains your vigour!
You feel as though you will be slow longer.
The wraith barely misses you.
You hit the wraith but do no damage.
The wraith is severely damaged.
The wraith hits you.
You die...
Your body crumbles into a pile of gold.

Skill      XL: |  1  2  3  4  5 |
---------------+----------------+-----
Ranged Weapons | 3 4 |  4.4
Stealth        | 3 4 |  4.4
Fighting       | 3 |  3.7
Translocations | 1 |  1.7
Armour         | |  1.0
Dodging        | |  1.0

Action                     |  1- 3 |  4- 6 || total
---------------------------+-------+-------++-------
  Melee: Staff             |       |    16 ||    16
   Fire: Sling             |    78 |   104 ||   182
    Use: Scroll            |       |     2 ||     2
         Potion            |       |     9 ||     9
 Armour: Ring mail         |    10 |    24 ||    34
         Skin              |       |    16 ||    16
  Dodge: Dodged            |    13 |    40 ||    53

Levels and vault maps discovered:
D:1:      dpeg_arrival_leaves_temple_mockup, layout_basic
D:2:      layout_basic
D:3:      layout_rooms, kennysheep_vampire_church, serial_shops,
          nicolae_shop_tiny_statue_garden, nicolae_shop_crystal,
          nicolae_square_shop, shop
D:4:      layout_basic, mainiacjoe_overflow_concentric_impassable,
          minmay_temple_entry_tees, portal_sewer_entry_c,
          nicolae_ossuary_entry_plus
Ossuary:  ossuary_due_mausoleum

Notes
Turn   | Place    | Note
-------+----------+-------------------------------------------
     0 | D:1      | Jeffwins the Vine Stalker Wanderer began the quest for the
                  | Orb.
     0 | D:1      | Jeffwins set off with the following items: a +3 sling, a +0
                  | scale mail, a scroll of blinking.
     0 | D:1      | Reached XP level 1. HP: 11/11 MP: 2/2
   231 | D:1      | Reached XP level 2. HP: 16/16 MP: 3/3
   233 | D:1      | Reached skill level 3 in Ranged Weapons
   349 | D:1      | You fall into a shaft and drop 1 floor!
   419 | D:1      | Reached skill level 3 in Stealth
   438 | D:1      | Reached XP level 3. HP: 19/19 MP: 4/4
   445 | D:1      | Reached skill level 3 in Fighting
   930 | D:2      | Learned a level 2 spell: Blink
  1014 | D:2      | Gained mutation: Your natural rate of healing is unusually
                  | fast. [Vine Stalker growth]
  1014 | D:2      | Reached XP level 4. HP: 24/24 MP: 5/5
  1370 | D:3      | Found Vienet's Jewellery Emporium.
  1404 | D:3      | Found Nuuriss's General Store.
  1484 | D:3      | Found Jetil's Jewellery Emporium.
  1626 | D:3      | Found an ancient bone altar of Kikubaaqudgha.
  1632 | D:3      | Reached skill level 4 in Ranged Weapons
  1632 | D:3      | Reached skill level 1 in Translocations
  1632 | D:3      | Reached XP level 5. HP: 28/28 MP: 6/6
  1633 | D:3      | Reached skill level 4 in Stealth
  1678 | D:3      | Found Cuiniakhle's Antique Weapon Emporium.
  1937 | D:4      | Reached XP level 6. HP: 33/33 MP: 7/7
  2029 | D:4      | Found an opulent altar of Gozag.
  2054 | D:4      | Became a worshipper of Gozag Ym Sagoz the Greedy
  2077 | D:4      | Found a sand-covered staircase.
  2082 | Ossuary  | Entered an ossuary
  2082 | Ossuary  | Noticed a wraith
  2082 | Ossuary  | Noticed a wraith
  2082 | Ossuary  | Noticed a wraith
  2159 | Ossuary  | Noticed a wraith
  2206 | Ossuary  | HP: 2/33 [wraith (8)]
  2207 | Ossuary  | Slain by a wraith

Vanquished Creatures
  2 vampire bats (D:3)
  A jelly (D:4)
  A mummy (Ossuary)
  5 adders
  An ufetubus (D:4)
  A worm (D:4)
  3 dart slugs
  4 bat skeletons (D:3)
  A bat zombie (D:3)
  8 endoplasms
  2 giant cockroaches
  9 goblins
  5 hobgoblins
  4 jackals
  5 quokkas
  7 ball pythons
  7 bats
  A frilled lizard (D:2)
  A gnoll skeleton (Ossuary)
  5 kobolds
  2 kobold skeletons (Ossuary)
  6 orc skeletons (Ossuary)
  6 rats
87 creatures vanquished.

Table legend: (Time is in decaauts)
 A = Elapsed time spent in this place.
 B = Non-inter-level travel time spent in this place.
 C = Inter-level travel time spent in this place.
 D = Time resting spent in this place.
 E = Time spent auto-exploring this place.
 F = Levels seen in this place.
 G = Mean time per level.
                   A        B        C        D        E       F      G
               +--------+--------+--------+--------+--------+-----+--------+
         Total |   2286 |   2155 |    131 |      0 |   1605 |   5 |  457.2 |
       Dungeon |   2134 |   2003 |    131 |      0 |   1553 |   4 |  533.5 |
       Ossuary |    151 |    151 |      0 |      0 |     52 |   1 |  151.0 |
               +--------+--------+--------+--------+--------+-----+--------+

Top non-repeatable levels by time:
     D:1: 774 daAuts
     D:3: 599 daAuts
     D:2: 594 daAuts
     D:4: 166 daAuts
 Ossuary: 151 daAuts

Table legend:
 A = Non-vault XP
 B = Vault XP
 C = Vault XP percentage of total XP
 D = Non-vault monster count
 E = Vault monster count
 F = Vault count percentage of total count
                 A         B        C        D         E       F
            +---------+---------+-------+---------+---------+-------
      Total |     232 |     146 |  38.6 |      70 |      17 |  19.5
            +---------+---------+-------+---------+---------+-------
        D:1 |      54 |       0 |   0.0 |      28 |       0 |   0.0
        D:2 |      46 |       0 |   0.0 |      13 |       0 |   0.0
        D:3 |      46 |     119 |  72.1 |      15 |       7 |  31.8
        D:4 |      86 |       0 |   0.0 |      14 |       0 |   0.0
    Ossuary |       0 |      27 | 100.0 |       0 |      10 | 100.0
            +---------+---------+-------+---------+---------+-------
